 Dungeon Crawl Stone Soup version 0.26-a0-188-ga22346179c (webtiles) character file.

Game seed: 9847143155139246682

14 Coward the Skirmisher (level 2, 0/24 HPs)
             Began as a Demonspawn Chaos Knight on July 4, 2020.
             Was a Plaything of Xom.
             Slain by a gnoll
             ... wielding a +0 spear
              (5 damage)
             ... on level 3 of the Dungeon.
             The game lasted 00:03:22 (233 turns).

Coward the Skirmisher (Demonspawn Chaos Knight)      Turns: 233, Time: 00:03:22

Health: 0/24       AC:  5    Str: 12    XL:     2   Next: 31%
Magic:  2/2        EV: 11    Int: 13    God:    Xom [.*....]
Gold:   46         SH:  0    Dex: 12    Spells: 1/1 levels left

rFire    . . .     SeeInvis .   a - +0 falchion (chaos)
rCold    + . .     Faith    .   (no shield)
rNeg     . . .     Spirit   .   b - +2 leather armour
rPois    .         Reflect  .   (no helmet)
rElec    .         Harm     .   (no cloak)
rCorr    .                      (no gloves)
MR       .....                  (no boots)
Stlth    +.........             (no amulet)
HPRegen  0.08/turn              e - ring of protection from cold
MPRegen  0.08/turn              (no ring)

@: no status effects
A: spiny 1
a: Renounce Religion


You were on level 3 of the Dungeon.
You worshipped Xom.
You were a plaything of Xom.
You were not hungry.

You visited 1 branch of the dungeon, and saw 3 of its levels.

You collected 46 gold pieces.

Inventory:

Hand Weapons
 a - a +0 falchion of chaos (weapon)
Armour
 b - a +2 leather armour (worn)
Jewellery
 e - a ring of protection from cold (left hand)
Comestibles
 c - a ration
 d - 3 chunks of flesh


   Skills:
 * Level 3.3 Fighting
 + Level 3.0 Long Blades
 + Level 1.8 Armour
 + Level 0.9 Dodging


You had one spell level left.
You didn't know any spells.
Your spell library was empty.

Dungeon Overview and Level Annotations

Branches:
Dungeon (3/15)

Altars:


Innate Abilities, Weirdness & Mutations

You are partially covered in sharp spines.


Message History

The gnoll shouts!
You hear a shout!
A gnoll comes into view. It is wielding a +0 club.
The gnoll shouts!
A gnoll comes into view. It is wielding a +0 halberd.
A gnoll comes into view. It is wielding a -2 whip.
The gnoll shouts! x2
Found 23 arrows.
The gnoll misses you. The gnoll hits you but does no damage.
The gnoll barely misses you.
Your leather armour prevents you from hitting the gnoll.
The gnoll is struck by your spines. The gnoll closely misses you.
The gnoll hits you from afar with a +0 spear.
The gnoll hits you from afar with a +0 halberd!
* * * LOW HITPOINT WARNING * * *
You hit the gnoll. You freeze the gnoll.
The gnoll is moderately wounded.
The gnoll hits you from afar with a +0 spear.
You die...
Xom thinks this is hilarious!

######### #.......###
#.#####.#.##
#.#####..#.##### ##
#<##.......@ggg######...##
#.##.##..#(###g...........
#.......#.## #######....#.
#.##.##.### ..## #.##.##.#
..# #.##....# (# #.#####.#
# #.# #.# #.. ..#


You could see 4 gnolls.

Vanquished Creatures
  An adder (D:2)
  A worm (D:3)
  A goblin (D:3)
  A rat (D:2)
4 creatures vanquished.

Notes
Turn   | Place    | Note
-------+----------+-------------------------------------------
     0 | D:1      | Coward the Demonspawn Chaos Knight began the quest for the
                  | Orb.
     0 | D:1      | Reached XP level 1. HP: 18/18 MP: 1/1
    15 | D:2      | XOM: potion effect (haste)
    23 | D:2      | Gained mutation: You are partially covered in sharp spines.
                  | [demonic ancestry]
    23 | D:2      | Reached XP level 2. HP: 19/24 MP: 2/2
   233 | D:3      | Slain by a gnoll

Illustrated notes

Levels and vault maps discovered:
D:1:      onia_arrival_handbag, layout_loops_ring, grunt_decor_fettered,
          nicolae_ashenzari_panopticon
D:2:      layout_basic, minivault_4
D:3:      layout_loops_cross, marbit_many_paths

Skill      XL: |  1 |
---------------+----+-----
Long Blades    | 3 |  3.0
Fighting       | |  3.3
Armour         | |  1.8
Dodging        | |  0.9

Action                   || total
-------------------------++-------
Melee: Falchion          ||    24
Armor: Leather armour    ||     6
Dodge: Dodged            ||    15
       Rpst.: Falchion   ||     2

Table legend:
 A = Non-vault XP
 B = Vault XP
 C = Vault XP percentage of total XP
 D = Non-vault monster count
 E = Vault monster count
 F = Vault count percentage of total count
                 A         B        C        D         E       F
            +---------+---------+-------+---------+---------+-------
      Total |      21 |       0 |   0.0 |       4 |       0 |   0.0
            +---------+---------+-------+---------+---------+-------
        D:2 |      14 |       0 |   0.0 |       2 |       0 |   0.0
        D:3 |       7 |       0 |   0.0 |       2 |       0 |   0.0
            +---------+---------+-------+---------+---------+-------
